 Dungeon Crawl Stone Soup version 0.29.1-2-gbd0b4ee654 (webtiles) character file.

Game seed: 9035938244357207514

50 GorkyZ the Covered (level 3, -1/23 HPs)
             Began as a Gargoyle Fighter on Nov 27, 2022.
             Slain by a phantom (6 damage)
             ... on level 2 of the Dungeon.
             The game lasted 00:02:18 (1538 turns).

GorkyZ the Covered (Gargoyle Fighter)               Turns: 1538, Time: 00:02:18

Health: -1/23      AC: 13    Str: 21    XL:     3   Next: 79%
Magic:  3/3        EV:  9    Int:  8    God:
Gold:   79         SH:  4    Dex:  9    Spells: 2/2 levels left

rFire   . . .      SeeInvis .   a - +0 war axe
rCold   . . .      Faith    .   c - +0 buckler
rNeg    + . .      Spirit   .   b - +0 scale mail
rPois   ∞          Reflect  .   (no helmet)
rElec   +          Harm     .   (no cloak)
rCorr   .          Rampage  .   f - +2 pair of gloves
Will    .....                   (no boots)
Stlth   ..........              (no amulet)
HPRegen 0.07/turn               (no ring)
MPRegen 0.08/turn               (no ring)

@: no status effects
A: sickness immunity, AC +3, negative energy resistance 1, electricity
resistance, torment resistance 1, petrification resistance
a: no special abilities


You were on level 2 of the Dungeon.
You visited 1 branch of the dungeon, and saw 2 of its levels.

You collected 79 gold pieces.

Inventory:

Hand Weapons
 a - a +0 war axe (weapon)
 k - a +1 dagger of draining
Missiles
 i - 6 javelins (quivered)
Armour
 b - a +0 scale mail (worn)
 c - a +0 buckler (worn)
 f - a +2 pair of gloves (worn)
Jewellery
 m - a ring of protection from fire
Scrolls
 e - 2 scrolls of noise {unknown}
 j - a scroll of fear {unknown}
 l - a scroll of identify {unknown}
 n - a scroll of silence {unknown}
Potions
 d - 2 potions of might
 g - a potion of cancellation {unknown}
 h - a potion of curing {unknown}


   Skills:
 + Level 3.5 Fighting
 + Level 2.1 Axes
 + Level 0.6 Throwing
 + Level 3.6 Armour
 + Level 0.8 Dodging
 + Level 3.5 Shields
 + Level 1.0 Evocations


You had 2 spell levels left.
You didn't know any spells.
Your spell library was empty.

Dungeon Overview and Level Annotations

Branches:
Dungeon (2/15)

Altars:


Innate Abilities, Weirdness & Mutations

You are immune to sickness and miasma.
Your stone body is resilient. (AC +3)
You are immune to poison.
You resist negative energy. (rN+)
You are resistant to electric shocks. (rElec)
You are resistant to unholy torment.
You are immune to petrification.


Message History

You are too injured to fight recklessly!
You are too injured to fight recklessly!
You are too injured to fight recklessly!
Unknown command.
You barely miss the phantom.
The phantom is moderately damaged.
The phantom hits you but does no damage.
You hit the phantom.
The phantom is moderately damaged.
The phantom barely misses you.
You hit the phantom but do no damage.
The phantom is moderately damaged.
The phantom closely misses you.
You hit the phantom.
The phantom is moderately damaged.
The phantom hits you but does no damage.
You hit the phantom.
The phantom is moderately damaged.
The phantom completely misses you. The phantom hits you.
You hit the phantom but do no damage.
The phantom is moderately damaged.
The phantom hits you but does no damage.
You barely miss the phantom.
The phantom is moderately damaged.
The phantom hits you but does no damage.
a - a +0 war axe (weapon)
You hit the phantom but do no damage.
The phantom is moderately damaged.
The phantom closely misses you. x2
You barely miss the phantom.
The phantom is moderately damaged.
The phantom hits you.
* * * LOW HITPOINT WARNING * * *
You hit the phantom.
The phantom is severely damaged.
The phantom hits you but does no damage.
You barely miss the phantom.
The phantom is severely damaged.
The phantom hits you.
You die...

... #.#†# #.# #. ##.##
#.#.# #.# #. ..#
#.#.###.#####. .# #
#.............
###.###.####.. #.#
#...##..
######.#####.##..
#.####............##..
#..!W@......###[#.##..
######.####.#.....##..
#.# #.#......#.# #.#
#..........# #.#
#.#<.....### #.#
#.#.....## #.#
#.###.#.#
#.####.###.#.#
#.#........#.#


You could see a phantom.

Vanquished Creatures
  2 adders (D:2)
  3 dart slugs
  A goblin (D:2)
  3 hobgoblins
  3 jackals (D:2)
  A quokka (D:2)
  4 ball pythons
  A bat (D:1)
  4 frilled lizards (D:1)
  3 kobolds (D:1)
  4 rats (D:1)
29 creatures vanquished.

Notes
Turn   | Place    | Note
-------+----------+-------------------------------------------
     0 | D:1      | GorkyZ the Gargoyle Fighter began the quest for the Orb.
     0 | D:1      | Reached XP level 1. HP: 14/14 MP: 1/1
   164 | D:1      | Found a faded altar of an unknown god.
   372 | D:1      | Reached XP level 2. HP: 19/19 MP: 2/2
  1084 | D:2      | Reached XP level 3. HP: 20/23 MP: 3/3
  1266 | D:2      | Reached skill level 1 in Evocations
  1517 | D:2      | Noticed a phantom
  1538 | D:2      | Slain by a phantom

Illustrated notes

Levels and vault maps discovered:
D:1:      dpeg_arrival_court, layout_basic,
          dreamdust_ecumenical_altar_angels_and_demons, st_stairs_6,
          minmay_fountain_box, chequers_serial_rivers_micro_b
D:2:      layout_loops_ring, corexii_shack

Skill      XL: |  1  2  3 |
---------------+----------+-----
Axes           | 2 |  2.1
Evocations     | 1 |  1.0
Fighting       | |  3.5
Throwing       | |  0.6
Armour         | |  3.6
Dodging        | |  0.8
Shields        | |  3.5

Action                   || total
-------------------------++-------
Melee: War axe           ||    23
       Dagger            ||   100
Armor: Scale mail        ||    54
Dodge: Dodged            ||    51
Block: Buckler           ||    18
